 Dungeon Crawl Stone Soup version 0.17.0-28-g6e173f8 (webtiles) character file.

113 HandofTrog the Skirmisher (level 4, -2/45 HPs)
             Began as an Ogre Necromancer on Nov 27, 2015.
             Slain by a gnoll
             ... wielding a cursed +0 flail
              (9 damage)
             ... on level 3 of the Dungeon on Nov 28, 2015.
             The game lasted 00:14:46 (3467 turns).

HandofTrog the Skirmisher (Ogre Necromancer)        Turns: 3467, Time: 00:14:46

Health: -2/45      AC:  3    Str: 14    XL:     4   Next: 96%
Magic:  0/7        EV: 16    Int: 19    God:
Gold:   128        SH:  0    Dex: 15    Spells: 3 memorised, 1 level left

rFire  . . .     SeeInvis .     h - +0 mace
rCold  . . .     Clarity  .     a - +0 robe
rNeg   . . .     SustAt   .     (no shield)
rPois  .         Gourm    .     (helmet restricted)
rElec  .         Spirit   +     (no cloak)
rCorr  .         Warding  .     (gloves unavailable)
rMut   .         Stasis   .     (boots unavailable)
MR     .....                    o - amulet of guardian spirit
Stlth  ++++......               e - +5 ring of intelligence
                                m - ring of stealth

@: agile, not resistant to hostile enchantments, stealthy
A: unfitting armour, tough skin 1
a: no special abilities


You were on level 3 of the Dungeon.
You were not hungry.

You visited 1 branch of the dungeon, and saw 3 of its levels.

You collected 128 gold pieces.

Inventory:

Hand Weapons
 f - a +0 club
 h - a +0 mace (weapon)
Missiles
 d - 27 stones (quivered)
 r - 8 tomahawks
Armour
 a - a +0 robe (worn)
Jewellery
 e - a +5 ring of intelligence (right hand)
 j - an uncursed amulet of the gourmand {unknown}
 m - a ring of stealth (left hand)
 o - an amulet of guardian spirit (around neck)
Scrolls
 n - 2 scrolls of random uselessness {unknown}
Potions
 i - a potion of might
Books
 b - a book of Necromancy

   Spells                             Type                      Level
   a - Pain                           Necromancy                   1
   b - Animate Skeleton               Necromancy                   1
   c - Vampiric Draining              Necromancy                   3
   d - Regeneration                   Charms/Necromancy            3
   e - Animate Dead                   Necromancy                   4
   f - Control Undead                 Necromancy                   4
Comestibles
 c - a bread ration
 g - a meat ration
 p - 2 chunks of flesh
 q - a beef jerky


   Skills:
 * Level 3.2 Fighting
 + Level 2.4 Maces & Flails
 + Level 2.9 Dodging
 - Level 1.5 Stealth
 - Level 2.6 Spellcasting
 + Level 3.0 Necromancy


You had one spell level left.
You knew the following spells:

 Your Spells              Type           Power        Failure   Level  Hunger
a - Pain                  Necr           ##..         6%          1    None
b - Vampiric Draining     Necr           ##........   14%         3    ###....
c - Regeneration          Chrm/Necr      #.........   28%         3    ###....


Dungeon Overview and Level Annotations

Branches:
Dungeon (3/15)

Altars:
Cheibriados
Ru


Innate Abilities, Weirdness & Mutations

You are too large for most types of armour.
You have tough skin (AC +1).


Message History

Unknown command.
You barely miss the gnoll. The gnoll misses you.
You hit the gnoll.
The gnoll is moderately wounded.
You feel sick.
You are no longer poisoned.
The gnoll misses you.
You thump the gnoll!
The gnoll is almost dead.
The gnoll misses you.
Casting: Pain
Confirm with . or Enter, or press ? or * to list all spells.
You don't have enough magic to cast that spell.
You closely miss the gnoll.
The gnoll is almost dead.
The gnoll barely misses you.
You closely miss the gnoll.
The gnoll is almost dead.
The gnoll hits you with a flail!
You die...

#.......>.#.# #.#
..####.####.# #.# ....#.#
#.# #.# ..##.# #.# #.#
..##)# #.# #.# #.##†# #.#
#.# +# #.##.# #.# #.#####
....###.##.####.###.....#
..........@.........#.###
....###.##g####.###.#.#
#...............#.#.#
#.###..###.##.#.#.#<#
#....)>...........#.#
#######.########.###.#
........÷............#
########.########.##### .
.. #......÷........#.#


You could see a gnoll.

Vanquished Creatures
  3 adders
  2 gnolls (D:3)
  3 worms
  An orc (D:3)
  11 hobgoblins
  2 jackals (D:3)
  A ball python (D:1)
  8 bats
  3 giant cockroaches (D:2)
  5 giant newts
  9 goblins
  4 kobolds
  6 rats
58 creatures vanquished.

Notes
Turn   | Place    | Note
--------------------------------------------------------------
     0 | D:1      | HandofTrog the Ogre Necromancer began the quest for the Orb.
     0 | D:1      | Reached XP level 1. HP: 16/16 MP: 3/3
   418 | D:1      | Reached skill level 1 in Fighting
   418 | D:1      | Reached skill level 3 in Necromancy
   423 | D:1      | Reached XP level 2. HP: 19/27 MP: 1/5
  1863 | D:2      | Reached XP level 3. HP: 35/35 MP: 6/6
  1959 | D:2      | Reached skill level 1 in Maces & Flails
  2806 | D:2      | Reached XP level 4. HP: 44/44 MP: 7/7
  3152 | D:2      | Learned a level 3 spell: Vampiric Draining
  3156 | D:2      | Learned a level 3 spell: Regeneration
  3400 | D:3      | Found a sacrificial altar of Ru.
  3403 | D:3      | Found a snail-covered altar of Cheibriados.
  3467 | D:3      | Slain by a gnoll

Action                   |  1- 3 |  4- 6 || total
-------------------------+-------+-------++-------
Melee: Club              |    36 |       ||    36
       Unarmed           |    14 |       ||    14
       Mace              |    77 |    60 ||   137
Throw: Stone             |    16 |       ||    16
 Cast: Pain              |    24 |     6 ||    30
       Vampiric Draining |       |     1 ||     1
  Use: Scroll            |     5 |       ||     5
       Potion            |       |     2 ||     2
 Stab: Sleeping          |     9 |     2 ||    11
       Distracted        |     1 |       ||     1
  Eat: Chunk             |     5 |     2 ||     7
       Pizza             |     1 |       ||     1
